 Dungeon Sprint DCSS version 0.27-a0-216-g1fbed8a51c (webtiles) character file.

Game seed: 12211466136549198975

535 mhtbhm the Martial Artist (level 7, -6/43 HPs)
             Began as an Octopode Transmuter on Jan 31, 2021.
             Was a Priest of Sif Muna.
             Shot with an arrow by a centaur warrior (15 damage)
             ... in the Dungeon (Sprint IX: "|||||||||||||||||||||||||||||").
             The game lasted 00:01:13 (800 turns).

mhtbhm the Martial Artist (Octopode Transmuter)      Turns: 800, Time: 00:01:13

Health: -6/43      AC:  3    Str: 11    XL:     7   Next: 25%
Magic:  8/16       EV: 17    Int: 15    God:    Sif Muna [***...]
Gold:   0          SH:  0    Dex: 13    Spells: 3/18 levels left

rFire    . . .     SeeInvis .     - Unarmed
rCold    . . .     Faith    .   (shield currently unavailable)
rNeg     . . .     Spirit   .   (helmet restricted)
rPois    .         Reflect  .   (no amulet)
rElec    .         Harm     .   k - +2 ring of protection
rCorr    .         Rampage  .   l - +2 ring of evasion
Will     .....     NoTele   +   (no ring)
Stlth    ++++......             (no ring)
HPRegen  0.14/turn              (no ring)
MPRegen  0.15/turn              (no ring)
                                (no ring)
                                (no ring)

@: blade tentacles (expiring), wereblooded
A: almost no armour, stealthy swim, amphibious, 8 rings, constrict 8, camouflage
1, gelatinous body 1
a: End Transformation, Renounce Religion, Channel Magic, Forget Spell


You were in the Dungeon.
You worshipped Sif Muna.
Sif Muna was most pleased with you.
You had blades for tentacles.
You visited 1 branch

Inventory:

Jewellery
 k - a +2 ring of protection (left scythe-like blade)
 l - a +2 ring of evasion (right scythe-like blade)
Wands
 j - a wand of acid (8)
Scrolls
 g - 2 scrolls of blinking
 h - 3 scrolls of remove curse
 i - 2 scrolls of amnesia
Potions
 a - a potion of invisibility
 b - 5 potions of curing
 d - a potion of haste
 e - 4 potions of magic
 f - a potion of berserk rage


   Skills:
 + Level 1.4 Fighting
 + Level 5.1 Dodging
 + Level 4.2 Stealth
 + Level 11.4 Unarmed Combat
 + Level 6.0 Spellcasting
 + Level 5.5 Transmutations
 + Level 1.1 Poison Magic


You had 3 spell levels left.
You knew the following spells:

 Your Spells              Type           Power        Failure   Level
a - Beastly Appendage     Tmut           42%          19%         1
b - Wereblood             Tmut           21%          22%         2
c - Spider Form           Tmut/Pois      7%           47%         3
d - Ice Form              Ice/Tmut       12%          83%         4
e - Blade Hands           Tmut           10%          80%         5

Your spell library contained the following spells:

 Spells                   Type           Power        Failure   Level


Dungeon Overview and Level Annotations

Branches:
Dungeon (1/1)

Altars:
Cheibriados
Dithmenos
Elyvilon
Fedhas
Gozag
Hepliaklqana
Kikubaaqudgha
Makhleb
Nemelex Xobeh
Okawaru
Qazlal
Ru
Sif Muna
Trog
Uskayaw
Vehumet
Wu Jian
Xom
Yredelemnul
Zin
The Shining One
Beogh
Jiyva
Lugonu


Innate Abilities, Weirdness & Mutations

You cannot wear most types of armour.
You are very stealthy in the water. (Stealth+)
You are amphibious.
You can wear up to eight rings at the same time.
You can use your tentacles to constrict eight enemies at once.
Your skin changes colour to match your surroundings (Stealth+).
Your rubbery body absorbs attacks. (AC +1, EV +1)


Message History

Aim: a slime creature (moderately wounded, 6% to evade)
The bolt of acid hits the slime creature!
The slime creature is splashed with acid!
The slime creature is heavily wounded.
The bolt of acid hits the centaur warrior!
The centaur warrior is splashed with acid.
The centaur warrior seems to be corroded for longer.
The centaur warrior is heavily wounded.
The slime creature hits you!
* * * LOW HITPOINT WARNING * * *
Unknown command.
You feel much better. The slime creature hits you!!
* * * LOW HITPOINT WARNING * * *
Unknown command.
You slice the slime creature!! You squeeze the slime creature!
You kill the slime creature!
Sif Muna accepts your kill.
The centaur warrior wields a +0 shortbow.
The centaur warrior shoots an arrow.
The arrow hits you!
You die...

▓'▓
▓)▓
▓.▓
▓.▓
▓.▓
▓.▓
▓.▓
▓†▓
▓@▓
▓†▓
▓c▓
▓.▓
▓.▓
▓.▓
▓+▓


You could see a centaur warrior (corroded).

Vanquished Creatures
  A slime creature (D)
  A hog (shapeshifter) (D)
  An acid dragon (D)
  A phantom (D)
  An ogre (D)
  A scorpion (D)
  2 worker ants (D)
  An adder (D)
  A white imp (D)
  An adder zombie (D)
  An adder skeleton (D)
  A leopard gecko (D)
  A hobgoblin (D)
  2 quokkas (D)
  2 goblins (D)
  A jackal skeleton (D)
  2 rats (D)
21 creatures vanquished.

Notes
Turn   | Place    | Note
-------+----------+-------------------------------------------
     0 | D        | mhtbhm the Octopode Transmuter began the quest for the Orb.
     0 | D        | Reached XP level 1. HP: 13/13 MP: 3/3
    80 | D        | Noticed a worker ant
    88 | D        | Reached skill level 4 in Unarmed Combat
    95 | D        | Killed a worker ant
    96 | D        | Reached skill level 5 in Unarmed Combat
    96 | D        | Reached XP level 2. HP: 10/18 MP: 4/6
    96 | D        | Reached XP level 3. HP: 13/23 MP: 4/7
   103 | D        | Found a roughly hewn altar of Beogh.
   103 | D        | Found a snail-covered altar of Cheibriados.
   103 | D        | Found a shadowy altar of Dithmenos.
   103 | D        | Found a white marble altar of Elyvilon.
   103 | D        | Found a blossoming altar of Fedhas.
   103 | D        | Found an opulent altar of Gozag.
   104 | D        | Found a hazy altar of Hepliaklqana.
   105 | D        | Found a viscous altar of Jiyva.
   106 | D        | Found an ancient bone altar of Kikubaaqudgha.
   107 | D        | Found a corrupted altar of Lugonu.
   108 | D        | Found a burning altar of Makhleb.
   109 | D        | Found a sparkling altar of Nemelex Xobeh.
   110 | D        | Found an iron altar of Okawaru.
   111 | D        | Found a stormy altar of Qazlal.
   112 | D        | Found a sacrificial altar of Ru.
   113 | D        | Found a shimmering blue altar of Sif Muna.
   114 | D        | Found a bloodstained altar of Trog.
   115 | D        | Found a hide-covered altar of Uskayaw.
   116 | D        | Found a radiant altar of Vehumet.
   117 | D        | Found an ornate altar of the Wu Jian Council.
   118 | D        | Found a shimmering altar of Xom.
   119 | D        | Found a basalt altar of Yredelemnul.
   120 | D        | Found a glowing silver altar of Zin.
   121 | D        | Became a worshipper of Sif Muna the Loreminder
   125 | D        | Learned a level 2 spell: Wereblood
   129 | D        | Learned a level 3 spell: Spider Form
   316 | D        | Found a glowing golden altar of the Shining One.
   346 | D        | Noticed a phantom
   346 | D        | Noticed an ogre
   351 | D        | Reached skill level 6 in Unarmed Combat
   363 | D        | Killed an ogre
   363 | D        | Reached * piety under Sif Muna
   364 | D        | Reached skill level 1 in Stealth
   364 | D        | Reached skill level 8 in Unarmed Combat
   364 | D        | Reached XP level 4. HP: 25/28 MP: 3/10
   364 | D        | Reached XP level 5. HP: 30/33 MP: 3/11
   374 | D        | Killed a phantom
   374 | D        | Reached ** piety under Sif Muna
   375 | D        | Reached skill level 9 in Unarmed Combat
   375 | D        | Reached skill level 5 in Spellcasting
   375 | D        | Reached XP level 6. HP: 33/38 MP: 5/13
   637 | D        | Learned a level 4 spell: Ice Form
   643 | D        | Learned a level 5 spell: Blade Hands
   786 | D        | Noticed a hog
   786 | D        | Noticed an acid dragon
   786 | D        | Noticed a slime creature
   786 | D        | Noticed a centaur warrior
   790 | D        | Reached skill level 10 in Unarmed Combat
   794 | D        | Killed a hog
   795 | D        | Reached skill level 5 in Dodging
   795 | D        | Reached skill level 11 in Unarmed Combat
   795 | D        | Reached skill level 5 in Transmutations
   795 | D        | Reached skill level 1 in Poison Magic
   796 | D        | Killed an acid dragon
   797 | D        | Reached XP level 7. HP: 12/43 MP: 7/16
   797 | D        | Reached *** piety under Sif Muna
   800 | D        | Killed a slime creature
   800 | D        | Shot with an arrow by a centaur warrior

Illustrated notes

Levels and vault maps discovered:
D:        linesprint [early_d, line_temple, items_1, d_10, items_2, lair_1,
          lair_end, items_3, orc_1, orc_end, items_4, d_15, swamp_1, shoals_1,
          snake_1, spider_1, d_20, vaults_1, items_5, swamp_end, shoals_end,
          snake_end, spider_end, vaults_end, d_27, items_6, zot_1, zot_end,
          crypt_end, forest_end, elf_end, slime_end, tomb_end, abyss_end,
          pan_hell_end]

Skill      XL: |  1  2  3  4  5  6 |
---------------+-------------------+-----
Unarmed Combat | 5 8 9 11 | 11.4
Spellcasting   | 3 4 5 6 |  6.0
Dodging        | 3 4 5 |  5.1
Stealth        | 1 2 4 |  4.2
Transmutations | 3 4 5 |  5.5
Poison Magic   | 1 |  1.1
Fighting       | |  1.4

Action                   |  1- 3 |  4- 6 |  7- 9 || total
-------------------------+-------+-------+-------++-------
Melee: Unarmed           |    40 |    17 |     1 ||    58
       Constrict         |     7 |     3 |       ||    10
       Kick              |     4 |       |       ||     4
       Tentacles         |     4 |       |     1 ||     5
 Cast: Beastly Appendage |     2 |       |       ||     2
       Wereblood         |     1 |     1 |       ||     2
       Spider Form       |     1 |       |       ||     1
       Blade Hands       |       |     1 |       ||     1
Evoke: Wand              |       |       |     2 ||     2
  Use: Potion            |     2 |       |     1 ||     3
Armor: Skin              |     2 |     1 |       ||     3
Dodge: Dodged            |    20 |    10 |     1 ||    31

Table legend: (Time is in decaauts)
 A = Elapsed time spent in this place.
 B = Non-inter-level travel time spent in this place.
 C = Inter-level travel time spent in this place.
 D = Time resting spent in this place.
 E = Time spent auto-exploring this place.
 F = Levels seen in this place.
 G = Mean time per level.
                   A        B        C        D        E       F      G
               +--------+--------+--------+--------+--------+-----+--------+
         Total |    792 |    792 |      0 |    639 |      0 |   1 |  792.0 |
       Dungeon |    792 |    792 |      0 |    639 |      0 |   1 |  792.0 |
               +--------+--------+--------+--------+--------+-----+--------+

Top non-repeatable levels by time:
       D: 792 daAuts
